cohdb
Replays
Latest Replays
All Replays
Popular Replays
Top Player Replays
Match Explorer
How It Works
Community
CoH3 Stats
Reddit
Sign in to upload your games and track your stats! →
Sign in with Steam
Match 44064581
Unlisted
Match 44064581
Overview
Messages
Build Orders
End
Kradschützen Motorcycle Team
Panzergrenadier Squad
250 Light Carrier
Panzergrenadier Squad
Construct Light Support Kompanie
MG34 Team
Fire Support Elements
Flakvierling Half-track
Selects Armored Support Battlegroup
Selects Superior Fire Drills
Panzerjäger Mechanized Group
Panzerpioneer Squad
Construct Panzerarmee Kommand
Selects Flammpanzer III Medium Tank
Flammpanzer III Medium Tank
Assault Mechanized Group
Flammpanzer III Medium Tank
Vehicle Survival Package
Panzer III L Medium Tank
Selects Command Panzer IV F Medium Tank
Panzer III L Medium Tank
XuZhongwei
el televisoro
xxl
aubis
0
0
Comments
sign in to comment!
No comments posted yet!